AoeStats
← Gericault667

Arena

510302870Analyzed
4v4 RM · 16h ago on Sep 30, 2026· 68m 29s· 8 players
Game mode
Random Map
Map size
Large (8 player)
Population
200
Speed
Normal
Resources
Standard
Victory
Conquest
Starting age
Dark Age
Ending age
Imperial Age
RankedLock teamsTeams togetherTeam positionsShared explorationLock speedFull tech treeHidden civsTurbo modeCheats
Victory
Defeat
🇯🇵 Britons · Japan
1434
+15
🇻🇳 Franks · Vietnam
1383
+17
🇨🇳 Magyars · China
1360
+18
🇫🇷 Vietnamese · France
1350
+18
🇨🇳 Persians · China
1555
-24
🇨🇳 Lithuanians · China
1455
-19
🇨🇳 Turks · China
1379
-16
🇨🇳 Italians · China
1206
-9
kkkkk1231231
10:49 Feudal Age
14:30 Castle Age
15:05 Double-Bit Axe
15:59 Bow Saw
20:11 Wheelbarrow
21:35 Hand Cart
22:12 Gold Mining
23:40 Gold Shaft Mining
23:37 Loom
23:41 Town Watch
24:01 Stone Mining
24:17 Treadmill Crane
27:44 Imperial Age
25:43 Scale Mail Armor
25:53 Forging
26:29 Squires
26:14 Arson
26:49 Chain Mail Armor
28:51 Conscription
27:51 Elite Throwing Axeman
29:09 Iron Casting
31:01 Plate Mail Armor
32:09 Blast Furnace
31:47 Fletching
32:57 Padded Archer Armor
34:24 Bodkin Arrow
44:40 Hoardings
45:03 Murder Holes
45:29 Ballistics
54:44 Pikeman
56:36 Elite Skirmisher
58:25 Chemistry
57:37 Imperial Skirmisher
58:52 Leather Archer Armor
60:06 Fortified Wall
64:38 Coinage
64:48 Halberdier
68:23 Banking
Gericault667
10:36 Feudal Age
10:52 Feudal Age
13:26 Wheelbarrow
12:37 Loom
16:47 Castle Age
15:05 Double-Bit Axe
15:07 Horse Collar
15:40 Stone Mining
17:46 Bow Saw
17:39 Heavy Plow
18:06 Hand Cart
23:59 Fletching
24:10 Padded Archer Armor
24:11 Town Watch
25:01 Gold Mining
25:51 Stone Shaft Mining
26:16 Bodkin Arrow
26:39 Leather Archer Armor
27:57 Ballistics
28:25 Masonry
32:00 Imperial Age
29:50 Fortified Wall
30:46 Thumb Ring
31:37 Squires
31:22 Arson
31:43 Scale Mail Armor
31:54 Forging
33:45 Chemistry
32:10 Elite Rattan Archer
33:24 Bracer
33:02 Elite Fire Lancer
35:19 Iron Casting
34:59 Chain Mail Armor
36:22 Hoardings
38:07 Plate Mail Armor
38:07 Ring Archer Armor
38:38 Town Patrol
52:27 Two-Man Saw
51:26 Elite Skirmisher
52:19 Imperial Skirmisher
58:32 Hoardings
60:20 Paper Money
god comic
10:46 Feudal Age
14:28 Castle Age
13:26 Double-Bit Axe
13:30 Horse Collar
17:18 Fletching
19:12 Bodkin Arrow
20:18 Ballistics
21:51 Loom
21:57 Town Watch
22:54 Padded Archer Armor
28:07 Wheelbarrow
28:14 Wheelbarrow
31:05 Hand Cart
31:25 Bow Saw
35:21 Heavy Plow
37:39 Scale Mail Armor
37:51 Forging
38:00 Pikeman
38:40 Squires
39:43 Chain Mail Armor
40:03 Iron Casting
44:28 Imperial Age
42:32 Stone Mining
42:46 Gold Mining
43:18 Leather Archer Armor
42:47 Treadmill Crane
43:18 Masonry
43:56 Arson
43:57 Gambesons
45:06 Halberdier
46:29 Plate Mail Armor
47:15 Conscription
48:25 Blast Furnace
50:48 Two-Man Saw
51:01 Bracer
51:31 Ring Archer Armor
53:30 Chemistry
53:02 Architecture
52:33 Elite Skirmisher
53:42 Imperial Skirmisher
56:01 Fortified Wall
61:00 Yeomen
61:08 Scale Barding Armor
62:20 Chain Barding Armor
62:04 Husbandry
61:24 Light Cavalry
64:01 Plate Barding Armor
64:12 Caravan
64:23 Guilds
ixsea
10:28 Feudal Age
14:25 Castle Age
12:27 Double-Bit Axe
13:33 Horse Collar
15:24 Bow Saw
20:53 Loom
24:32 Wheelbarrow
28:52 Imperial Age
26:26 Fletching
27:07 Hand Cart
28:23 Bodkin Arrow
29:11 Husbandry
29:25 Bloodlines
30:09 Ballistics
29:14 Heavy Cavalry Archer
31:06 Conscription
31:18 Gold Mining
31:19 Stone Mining
31:34 Bracer
31:34 Padded Archer Armor
32:32 Thumb Ring
32:55 Parthian Tactics
34:08 Chemistry
34:48 Two-Man Saw
34:10 Leather Archer Armor
35:26 Ring Archer Armor
36:28 Elite Magyar Huszar
37:11 Recurve Bow
37:20 Scale Barding Armor
38:00 Murder Holes
38:37 Chain Barding Armor
40:09 Elite Magyar Huszar
40:52 Corvinian Army
41:39 Plate Barding Armor
43:08 Gold Shaft Mining
49:31 Heavy Plow
52:56 Masonry
52:27 Treadmill Crane
52:52 Siege Engineers
53:16 Caravan
56:35 Elite Skirmisher
60:43 Imperial Skirmisher
64:35 Crop Rotation
XHK
12:19 Feudal Age
13:12 Double-Bit Axe
13:42 Gold Mining
16:39 Castle Age
20:53 Imperial Age
19:15 Bow Saw
22:46 Bombard Tower
23:44 Stone Mining
24:20 Fletching
25:50 Bodkin Arrow
32:23 Ballistics
35:17 Two-Man Saw
37:42 Wheelbarrow
39:00 Loom
39:01 Town Watch
41:21 Scale Barding Armor
41:18 Bracer
41:01 Treadmill Crane
41:52 Forging
42:42 Bloodlines
42:32 Husbandry
43:31 Chain Barding Armor
44:35 Padded Archer Armor
45:36 Leather Archer Armor
48:19 Plate Barding Armor
48:14 Ring Archer Armor
47:34 Horse Collar
48:56 Sipahi
48:53 Heavy Plow
48:49 Heavy Cavalry Archer
49:55 Parthian Tactics
49:35 Thumb Ring
51:08 Iron Casting
51:14 Conscription
51:38 Masonry
57:16 Blast Furnace
59:04 Caravan
Bz_
7:05 Loom
9:15 Feudal Age
9:45 Double-Bit Axe
15:40 Castle Age
15:08 Gold Mining
16:24 Bloodlines
20:55 Bloodlines
25:25 Scale Barding Armor
59:54 Elite Skirmisher
62:26 Padded Archer Armor
农夫累
7:45 Loom
9:57 Feudal Age
9:36 Loom
13:49 Castle Age
11:51 Horse Collar
12:07 Double-Bit Axe
12:55 Horse Collar
13:21 Gold Mining
14:46 Bow Saw
18:49 Wheelbarrow
19:14 Fervor
20:21 Stone Mining
21:23 Sanctity
24:20 Hand Cart
25:46 Stone Shaft Mining
25:42 Town Watch
29:27 Imperial Age
27:25 Heavy Plow
27:32 Scale Barding Armor
28:45 Chain Barding Armor
29:37 Forging
29:53 Bloodlines
29:43 Husbandry
29:29 Elite Leitis
30:30 Conscription
30:54 Plate Barding Armor
32:52 Iron Casting
35:01 Town Watch
48:18 Fletching
49:01 Coinage
50:02 Bodkin Arrow
53:25 Banking
54:16 Guilds
55:43 Caravan
56:26 Crop Rotation
57:06 Two-Man Saw
56:42 Light Cavalry
62:40 Winged Hussar
66:19 Bracer
67:41 Chemistry
67:02 Ballistics
66:53 Capped Ram
XZ
6:34 Loom
8:53 Feudal Age
9:21 Double-Bit Axe
15:43 Castle Age
13:26 Horse Collar
16:37 Bow Saw
21:37 Gold Mining
25:03 Imperial Age
23:11 Wheelbarrow
22:26 Treadmill Crane
23:03 Stone Mining
23:42 Fletching
23:55 Padded Archer Armor
24:33 Bodkin Arrow
25:46 Ballistics
26:55 Two-Man Saw
27:13 Chemistry
29:17 Bracer
37:00 Conscription
41:08 Leather Archer Armor
41:25 Coinage
40:58 Heavy Plow
41:38 Elite Genoese Crossbowman
46:35 Banking
46:45 Ring Archer Armor
62:39 Scale Mail Armor
62:50 Forging
64:18 Thumb Ring
63:51 Elite Skirmisher
Connection lost

Rejoining the realm…

Still unreachable

The connection could not be restored.

Session expired

The server has moved on; the page needs a fresh start.